 Dungeon Crawl Stone Soup version 0.21.1-1-g345015f (webtiles) character file.

2564 tidbits the Sneak (level 9, -2/65 HPs)
             Began as a Gnoll Enchanter on June 6, 2018.
             Was a Believer of Cheibriados.
             Slain by a yak (15 damage)
             ... on level 10 of the Dungeon.
             The game lasted 00:22:33 (1753 turns).

tidbits the Sneak (Gnoll Enchanter)                 Turns: 1753, Time: 00:22:34

Health: -2/65      AC:  2    Str: 18    XL:     9   Next: 57%
Magic:  3/19       EV: 17    Int: 25    God:    Cheibriados [**....]
Gold:   192        SH:  0    Dex: 22    Spells: 12/21 levels left

rFire    . . .     SeeInvis .   A - +2 flail (venom)
rCold    . . .     Gourm    .   (no shield)
rNeg     . . .     Faith    .   q - +0 robe
rPois    .         Spirit   .   (no helmet)
rElec    .         Reflect  .   (no cloak)
rCorr    .         Harm     .   (no gloves)
MR       .....                  (no boots)
Stlth    ++++......             (no amulet)
HPRegen  0.20/turn              g - +3 ring of strength
MPRegen  0.16/turn              (no ring)

@: very slow
A: distributed training, fangs 1, strong nose
a: Bend Time, Renounce Religion


You were on level 10 of the Dungeon.
You worshipped Cheibriados.
Cheibriados was pleased with you.
You were not hungry.

You visited 2 branches of the dungeon, and saw 13 of its levels.
You also visited: Ossuary.

You collected 192 gold pieces.

Inventory:

Hand Weapons
 a - a +1 dagger
 b - a +2 trident of protection
   (You took it off an orc on level 6 of the Dungeon)
 l - a +0 rapier
 w - a +0 shortbow
 z - a +1 flail of holy wrath
   (You took it off an orc on level 8 of the Dungeon)
 A - a +2 flail of venom (weapon)
   (You took it off an orc on level 7 of the Dungeon)
 D - a +0 long sword of flaming
   (You found it on level 10 of the Dungeon)
 E - a +1 vampiric long sword
   (You found it on level 10 of the Dungeon)
Missiles
 x - 35 arrows
Armour
 q - a +0 robe (worn)
Magical Staves
 k - an uncursed staff of air
   (You found it on level 2 of the Dungeon)
Jewellery
 g - a +3 ring of strength (left hand)
   (You found it in an ossuary)
Scrolls
 e - a scroll of magic mapping {unknown}
 i - a scroll of enchant armour {unknown}
 j - a scroll of immolation {unknown}
 n - 3 scrolls of blinking {unknown}
 o - 2 scrolls of teleportation
 r - 2 scrolls of remove curse
 s - a scroll of enchant weapon {unknown}
 y - a scroll of summoning
Potions
 f - 2 potions of heal wounds
 h - 2 potions of flight {unknown}
 m - 3 potions of curing
 p - a potion of might {unknown}
 t - a potion of degeneration {unknown}
 u - 2 potions of brilliance {unknown}
 v - a potion of cancellation {unknown}
 B - a potion of lignification {unknown}
 C - a potion of magic {unknown}
Books
 d - a book of Maledictions

   Spells                             Type                      Level
   a - Corona                         Hexes                        1
   b - Ensorcelled Hibernation        Hexes/Ice                    2
   c - Confuse                        Hexes                        3
   d - Tukima's Dance                 Hexes                        3
   e - Dazzling Spray                 Conjuration/Hexes            3
Comestibles
 c - 3 rations


   Skills:
 + Level 4.3 Fighting
 + Level 5.1 Short Blades
 + Level 4.3 Long Blades
 + Level 4.3 Axes
 + Level 4.3 Maces & Flails
 + Level 4.3 Polearms
 + Level 4.3 Staves
 + Level 4.3 Slings
 + Level 4.3 Bows
 + Level 4.3 Crossbows
 + Level 4.3 Throwing
 + Level 4.3 Armour
 + Level 6.3 Dodging
 + Level 7.4 Stealth
 + Level 4.3 Shields
 + Level 4.3 Unarmed Combat
 + Level 6.6 Spellcasting
 + Level 3.5 Conjurations
 + Level 6.6 Hexes
 + Level 3.5 Charms
 + Level 3.5 Summonings
 + Level 3.5 Necromancy
 + Level 3.5 Translocations
 + Level 3.5 Transmutations
 + Level 3.5 Fire Magic
 + Level 3.5 Ice Magic
 + Level 3.5 Air Magic
 + Level 3.5 Earth Magic
 + Level 3.5 Poison Magic
 + Level 4.7 Invocations
 + Level 4.3 Evocations


You had 12 spell levels left.
You knew the following spells:

 Your Spells              Type           Power        Failure   Level  Hunger
a - Corona                Hex            #####..      1%          1    None
c - Confuse               Hex            #####...     1%          3    None
d - Dazzling Spray        Conj/Hex       ####..       2%          3    None
e - Ensorcelled Hibernat  Hex/Ice        ####..       1%          2    None


Dungeon Overview and Level Annotations

Branches:
Dungeon (12/15)            Temple (1/1) D:5
   Lair: D:8-11         Orc: D:9-12

Altars:
Ashenzari
Cheibriados
Dithmenos
Elyvilon
Gozag
Kikubaaqudgha
Makhleb
Nemelex Xobeh
Ru
Xom
Yredelemnul

Annotations:
D:3 Jaiteiro's ghost, amateur GnSk
D:11 exclusion: hydra


Innate Abilities, Weirdness & Mutations

Your experience applies equally to all skills.
You have very sharp teeth.
Your uncanny sense of smell can sniff out nearby items.


Message History

An orc zombie comes into view.
The yak gores you!
A phantom and a zombie come into view.
Unknown command.
Casting: Ensorcelled Hibernation
Confirm with . or Enter, or press ? or * to list all spells.
Aiming: Ensorcelled Hibernation
Press: ? - help, Shift-Dir - straight line, f - yak
Aim: a yak (chance to defeat MR: 61%)
The yak resists with significant effort.
The yak barely misses you.
Casting: Ensorcelled Hibernation
Confirm with . or Enter, or press ? or * to list all spells.
Aiming: Ensorcelled Hibernation
Press: ? - help, Shift-Dir - straight line, f/p - yak
Aim: a yak (chance to defeat MR: 61%)
The yak looks drowsy...
The helpless yak fails to defend itself.
You spit the yak like a pig!!!
You kill the yak!
Cheibriados thoroughly appreciates the change of pace.
Casting: Ensorcelled Hibernation
Confirm with . or Enter, or press ? or * to list all spells.
Aiming: Ensorcelled Hibernation
Press: ? - help, Shift-Dir - straight line, f - yak
Aim: a yak (chance to defeat MR: 62%)
The yak looks drowsy...
The helpless yak fails to defend itself.
You stick the yak like a pincushion!!!
You kill the yak!
Cheibriados appreciates the change of pace.
Your Short Blades skill increases to level 5!
Wield which item (- for none, * to show all)? (? for menu, Esc to quit)
Your +1 flail of holy wrath softly glows with a divine radiance!
z - a +1 flail of holy wrath (weapon)
Okay, then.
Unknown command.
The yak bellows!
You hit the hobgoblin zombie.
The hobgoblin zombie convulses.
The hobgoblin zombie is moderately damaged.
Wield which item (- for none, * to show all)? (? for menu, Esc to quit)
Okay, then.
Casting: Ensorcelled Hibernation
Confirm with . or Enter, or press ? or * to list all spells.
Aiming: Ensorcelled Hibernation
Press: ? - help, Shift-Dir - straight line, f - yak
Aim: a yak (chance to defeat MR: 62%)
The yak looks drowsy...
Wield which item (- for none, * to show all)? (? for menu, Esc to quit)
Your +1 flail of holy wrath stops glowing.
a - a +1 dagger (weapon)
The yak bellows! x2
The yak gores you!
* * * LOW HITPOINT WARNING * * *
Wield which item (- for none, * to show all)? (? for menu, Esc to quit)
Your +2 flail of venom begins to drip with poison!
A - a +2 flail of venom (weapon)
You hit the yak.
The yak is poisoned.
The yak is lightly wounded.
The yak misses you.
You hit the yak.
The yak looks as sick as possible!
You punch the yak.
The yak is moderately wounded.
The yak barely misses you. x2
You hit the yak but do no damage.
The yak looks as sick as possible!
You bite the yak.
The yak is heavily wounded.
The yak closely misses you.
You hit the yak. You bite the yak.
The yak is severely wounded.
The yak misses you.
The phantom blinks!
You barely miss the yak. You bite the yak, but do no damage.
The yak is severely wounded.
The yak completely misses you.
You barely miss the yak.
The yak is almost dead.
The yak closely misses you.
You hit the yak.
You kill the yak!
Cheibriados thoroughly appreciates the change of pace.
A phantom comes into view.
You barely miss the yak. The yak misses you.
The phantom moves out of view.
The yak closely misses you.
An ogre zombie comes into view.
You thump the yak!
The yak is poisoned.
The yak is moderately wounded.
The ogre zombie moves out of view.
The yak barely misses you.
You hit the yak but do no damage.
The yak looks as sick as possible!
The yak is moderately wounded.
The yak gores you!
* * * LOW HITPOINT WARNING * * *
A goblin skeleton comes into view.
You sock the yak!
The yak looks as sick as possible!
The yak is heavily wounded.
The yak gores you.
* * * LOW HITPOINT WARNING * * *
The goblin skeleton moves out of view.
You hit the yak.
The yak looks as sick as possible!
The yak is almost dead.
The yak gores you!
You die...

####### #.....# #.....+
#.....# #.....# #.....#
#########@..#
.......WY######.
.......ZYZYZ.Z.Z
.......#ZW.YYZ.W
......[#Z..Z....
############....###Z
#.........##....#######
#.........†...........
#.....>...#..........


You could see 2 yaks, a phantom, a hobgoblin zombie, an orc zombie and an orc
skeleton.

Vanquished Creatures
  A hornet (D:10)
  A wraith (Ossuary)
  4 yaks (D:10)
  A vampire (D:11)
  Eustachio (D:6)
  A sky beast (D:7)
  A phantom (D:5)
  An ogre (D:9)
  2 centaurs
  A bullfrog (D:10)
  3 scorpions
  3 killer bees (D:11)
  3 howler monkeys
  A bullfrog zombie (D:7)
  2 hounds
  A human zombie (Ossuary)
  An orc priest (D:7)
  A bullfrog skeleton (D:10)
  An iguana (D:4)
  3 orc wizards
  3 worker ants
  A hound skeleton (D:5)
  3 mummies (Ossuary)
  4 adders
  A shadow imp (D:7)
  An ooze (D:2)
  3 leopard geckos
  9 orcs
  3 giant cockroaches
  A goblin (D:1)
  3 hobgoblins
  A jackal (D:7)
  3 ball pythons
  A ball python skeleton (D:6)
  A goblin zombie (Ossuary)
  3 hobgoblin zombies (Ossuary)
  4 kobold zombies (Ossuary)
  A leopard gecko zombie (D:5)
  A quokka zombie (D:9)
  3 rats
83 creatures vanquished.

Notes
Turn   | Place    | Note
-------+----------+-------------------------------------------
     0 | D:1      | tidbits the Gnoll Enchanter began the quest for the Orb.
     0 | D:1      | Reached XP level 1. HP: 13/13 MP: 6/6
    96 | D:1      | Reached XP level 2. HP: 12/19 MP: 5/7
   100 | D:1      | Learned a level 2 spell: Ensorcelled Hibernation
   252 | D:2      | Found a shimmering altar of Xom.
   281 | D:2      | Reached skill level 5 in Spellcasting
   281 | D:2      | Reached XP level 3. HP: 23/25 MP: 5/9
   286 | D:2      | Learned a level 3 spell: Confuse
   290 | D:2      | Learned a level 3 spell: Dazzling Spray
   310 | D:2      | Reached skill level 6 in Stealth
   322 | D:2      | Reached skill level 1 in Invocations
   364 | D:3      | Noticed Jaiteiro's ghost (amateur GnSk)
   379 | D:4      | Reached skill level 1 in Fighting
   379 | D:4      | Reached skill level 1 in Long Blades
   379 | D:4      | Reached skill level 1 in Axes
   379 | D:4      | Reached skill level 1 in Maces & Flails
   379 | D:4      | Reached skill level 1 in Polearms
   379 | D:4      | Reached skill level 1 in Staves
   379 | D:4      | Reached skill level 1 in Slings
   379 | D:4      | Reached skill level 1 in Bows
   379 | D:4      | Reached skill level 1 in Crossbows
   379 | D:4      | Reached skill level 1 in Throwing
   379 | D:4      | Reached skill level 1 in Armour
   379 | D:4      | Reached skill level 1 in Shields
   379 | D:4      | Reached skill level 1 in Unarmed Combat
   379 | D:4      | Reached skill level 1 in Evocations
   379 | D:4      | Reached XP level 4. HP: 18/32 MP: 11/11
   389 | D:5      | Entered Level 5 of the Dungeon
   389 | D:5      | Noticed a phantom
   409 | D:5      | Killed a phantom
   409 | D:5      | Reached skill level 3 in Short Blades
   409 | D:5      | Reached skill level 1 in Conjurations
   409 | D:5      | Reached skill level 1 in Charms
   409 | D:5      | Reached skill level 1 in Summonings
   409 | D:5      | Reached skill level 1 in Necromancy
   409 | D:5      | Reached skill level 1 in Translocations
   409 | D:5      | Reached skill level 1 in Transmutations
   409 | D:5      | Reached skill level 1 in Fire Magic
   409 | D:5      | Reached skill level 1 in Ice Magic
   409 | D:5      | Reached skill level 1 in Air Magic
   409 | D:5      | Reached skill level 1 in Earth Magic
   409 | D:5      | Reached skill level 1 in Poison Magic
   409 | D:5      | Reached XP level 5. HP: 13/37 MP: 6/12
   428 | D:5      | Found a shattered altar of Ashenzari.
   428 | D:5      | Found a shattered altar of Ashenzari.
   428 | D:5      | Found a white marble altar of Elyvilon.
   428 | D:5      | Found a shadowy altar of Dithmenos.
   430 | D:5      | Found a basalt altar of Yredelemnul.
   430 | D:5      | Found a basalt altar of Yredelemnul.
   430 | D:5      | Found an opulent altar of Gozag.
   431 | D:5      | Found an ancient bone altar of Kikubaaqudgha.
   431 | D:5      | Found a burning altar of Makhleb.
   431 | D:5      | Found a sparkling altar of Nemelex Xobeh.
   432 | D:5      | Found a shattered altar of Ashenzari.
   432 | D:5      | Found a basalt altar of Yredelemnul.
   435 | D:5      | Found a staircase to the Ecumenical Temple.
   508 | Temple   | Entered the Ecumenical Temple
   515 | Temple   | Became a worshipper of Cheibriados the Contemplative
   599 | D:6      | Reached XP level 6. HP: 44/44 MP: 13/13
   634 | D:6      | Reached skill level 2 in Invocations
   731 | D:6      | Found a sand-covered staircase.
   735 | Ossuary  | Entered an ossuary
   735 | Ossuary  | Noticed a wraith
   735 | Ossuary  | Noticed a wraith
   735 | Ossuary  | Noticed a wraith
   787 | Ossuary  | Noticed a wraith
   789 | Ossuary  | Killed a wraith
   789 | Ossuary  | Reached skill level 2 in Fighting
   789 | Ossuary  | Reached skill level 2 in Long Blades
   789 | Ossuary  | Reached skill level 2 in Axes
   789 | Ossuary  | Reached skill level 2 in Maces & Flails
   789 | Ossuary  | Reached skill level 2 in Polearms
   789 | Ossuary  | Reached skill level 2 in Staves
   789 | Ossuary  | Reached skill level 2 in Slings
   789 | Ossuary  | Reached skill level 2 in Bows
   789 | Ossuary  | Reached skill level 2 in Crossbows
   789 | Ossuary  | Reached skill level 2 in Throwing
   789 | Ossuary  | Reached skill level 2 in Armour
   789 | Ossuary  | Reached skill level 5 in Dodging
   789 | Ossuary  | Reached skill level 2 in Shields
   789 | Ossuary  | Reached skill level 2 in Unarmed Combat
   789 | Ossuary  | Reached skill level 2 in Evocations
   789 | Ossuary  | Reached XP level 7. HP: 34/50 MP: 12/15
  1059 | D:6      | Noticed Eustachio
  1073 | D:6      | Reached skill level 2 in Conjurations
  1073 | D:6      | Reached skill level 2 in Charms
  1073 | D:6      | Reached skill level 2 in Summonings
  1073 | D:6      | Reached skill level 2 in Necromancy
  1073 | D:6      | Reached skill level 2 in Translocations
  1073 | D:6      | Reached skill level 2 in Transmutations
  1073 | D:6      | Reached skill level 2 in Fire Magic
  1073 | D:6      | Reached skill level 2 in Ice Magic
  1073 | D:6      | Reached skill level 2 in Air Magic
  1073 | D:6      | Reached skill level 2 in Earth Magic
  1073 | D:6      | Reached skill level 2 in Poison Magic
  1088 | D:6      | Killed Eustachio
  1124 | D:7      | Reached skill level 3 in Invocations
  1154 | D:8      | Reached * piety under Cheibriados
  1154 | D:8      | Reached XP level 8. HP: 57/57 MP: 16/16
  1217 | D:7      | Reached skill level 6 in Hexes
  1264 | D:8      | Reached skill level 4 in Short Blades
  1276 | D:8      | Reached skill level 3 in Fighting
  1276 | D:8      | Reached skill level 3 in Long Blades
  1276 | D:8      | Reached skill level 3 in Axes
  1276 | D:8      | Reached skill level 3 in Maces & Flails
  1276 | D:8      | Reached skill level 3 in Polearms
  1276 | D:8      | Reached skill level 3 in Staves
  1276 | D:8      | Reached skill level 3 in Slings
  1276 | D:8      | Reached skill level 3 in Bows
  1276 | D:8      | Reached skill level 3 in Crossbows
  1276 | D:8      | Reached skill level 3 in Throwing
  1276 | D:8      | Reached skill level 3 in Armour
  1276 | D:8      | Reached skill level 3 in Shields
  1276 | D:8      | Reached skill level 3 in Unarmed Combat
  1276 | D:8      | Reached skill level 3 in Evocations
  1336 | D:7      | HP: 5/58 [something (6)]
  1338 | D:7      | Reached skill level 6 in Spellcasting
  1518 | D:10     | Entered Level 10 of the Dungeon
  1518 | D:10     | Noticed a hornet
  1520 | D:10     | Killed a hornet
  1520 | D:10     | Reached ** piety under Cheibriados
  1520 | D:10     | Reached skill level 7 in Stealth
  1520 | D:10     | Reached skill level 4 in Invocations
  1521 | D:10     | Reached skill level 3 in Conjurations
  1521 | D:10     | Reached skill level 3 in Charms
  1521 | D:10     | Reached skill level 3 in Summonings
  1521 | D:10     | Reached skill level 3 in Necromancy
  1521 | D:10     | Reached skill level 3 in Translocations
  1521 | D:10     | Reached skill level 3 in Transmutations
  1521 | D:10     | Reached skill level 3 in Fire Magic
  1521 | D:10     | Reached skill level 3 in Ice Magic
  1521 | D:10     | Reached skill level 3 in Air Magic
  1521 | D:10     | Reached skill level 3 in Earth Magic
  1521 | D:10     | Reached skill level 3 in Poison Magic
  1582 | D:10     | Noticed a yak
  1582 | D:10     | Noticed a yak
  1583 | D:10     | Noticed a yak
  1592 | D:11     | Noticed a vampire
  1596 | D:11     | Noticed an eight-headed hydra
  1612 | D:11     | Killed a vampire
  1612 | D:11     | Reached skill level 6 in Dodging
  1612 | D:11     | Reached XP level 9. HP: 62/65 MP: 9/18
  1671 | D:11     | Noticed a manticore
  1719 | D:10     | Reached skill level 4 in Fighting
  1719 | D:10     | Reached skill level 4 in Long Blades
  1719 | D:10     | Reached skill level 4 in Axes
  1719 | D:10     | Reached skill level 4 in Maces & Flails
  1719 | D:10     | Reached skill level 4 in Polearms
  1719 | D:10     | Reached skill level 4 in Staves
  1719 | D:10     | Reached skill level 4 in Slings
  1719 | D:10     | Reached skill level 4 in Bows
  1719 | D:10     | Reached skill level 4 in Crossbows
  1719 | D:10     | Reached skill level 4 in Throwing
  1719 | D:10     | Reached skill level 4 in Armour
  1719 | D:10     | Reached skill level 4 in Shields
  1719 | D:10     | Reached skill level 4 in Unarmed Combat
  1719 | D:10     | Reached skill level 4 in Evocations
  1736 | D:10     | Reached skill level 5 in Short Blades
  1753 | D:10     | Slain by a yak

Skill      XL: |  1  2  3  4  5  6  7  8  9 |
---------------+----------------------------+-----
Spellcasting   | 5 6 |  6.6
Stealth        | 6 7 |  7.4
Invocations    | 1 2 3 4 |  4.7
Fighting       | 1 2 3 4 |  4.3
Long Blades    | 1 2 3 4 |  4.3
Axes           | 1 2 3 4 |  4.3
Maces & Flails | 1 2 3 4 |  4.3
Polearms       | 1 2 3 4 |  4.3
Staves         | 1 2 3 4 |  4.3
Slings         | 1 2 3 4 |  4.3
Bows           | 1 2 3 4 |  4.3
Crossbows      | 1 2 3 4 |  4.3
Throwing       | 1 2 3 4 |  4.3
Armour         | 1 2 3 4 |  4.3
Shields        | 1 2 3 4 |  4.3
Unarmed Combat | 1 2 3 4 |  4.3
Evocations     | 1 2 3 4 |  4.3
Short Blades   | 3 4 5 |  5.1
Conjurations   | 1 2 3 |  3.5
Charms         | 1 2 3 |  3.5
Summonings     | 1 2 3 |  3.5
Necromancy     | 1 2 3 |  3.5
Translocations | 1 2 3 |  3.5
Transmutations | 1 2 3 |  3.5
Fire Magic     | 1 2 3 |  3.5
Ice Magic      | 1 2 3 |  3.5
Air Magic      | 1 2 3 |  3.5
Earth Magic    | 1 2 3 |  3.5
Poison Magic   | 1 2 3 |  3.5
Dodging        | 5 6 |  6.3
Hexes          | 6 |  6.6

Action                   |  1- 3 |  4- 6 |  7- 9 || total
-------------------------+-------+-------+-------++-------
Melee: Dagger            |    45 |    60 |    75 ||   180
       Bite              |     1 |     5 |    15 ||    21
       Punch             |       |     1 |     4 ||     5
       Trident           |       |       |    15 ||    15
       Flail             |       |       |    33 ||    33
 Cast: Corona            |     5 |     1 |     2 ||     8
       Ensorcelled Hiber |     4 |     6 |    44 ||    54
       Confuse           |       |     6 |    13 ||    19
       Dazzling Spray    |       |       |     1 ||     1
  Use: Scroll            |       |     4 |     2 ||     6
       Potion            |       |       |     2 ||     2
 Stab: Sleeping          |     8 |    13 |    33 ||    54
       Confused          |       |     1 |    10 ||    11
       Invisible         |       |       |     1 ||     1
  Eat: Chunk             |       |       |     3 ||     3
Armor: Robe              |     5 |     9 |     7 ||    21
Dodge: Dodged            |    28 |    22 |    83 ||   133

Table legend:
 A = Turns spent in this place as a percentage of turns spent in the entire game.
 B = Non-inter-level travel turns spent in this place as a percentage of non-inter-level travel turns spent in the entire game.
 C = Inter-level travel turns spent in this place as a percentage of turns spent in this place.
 D = Turns resting spent in this place as a percentage of non-inter-level travel turns spent in this place.
 E = Turns spent auto-exploring this place as a percentage of non-inter-level travel turns spent in this place.
 F = Non-inter-level travel turns spent in this place divided by the number of levels of this place that you've seen.
                   A       B       C       D       E      F
               +-------+-------+-------+-------+-------+----------------------
         Total | 100.0 | 100.0 |   1.4 |   0.0 |   0.0 | 123.4
       Dungeon |  81.7 |  81.8 |   1.3 |   0.0 |   0.0 | 117.8
        Temple |   0.9 |   0.5 |  40.0 |   0.0 |   0.0 |   9.0
       Ossuary |  17.4 |  17.7 |   0.0 |   0.0 |   0.0 | 305.0
               +-------+-------+-------+-------+-------+----------------------

Table legend:
 A = Kills in this place as a percentage of kills in entire the game.
 B = Kills by you in this place as a percentage of kills by you in the entire game.
 C = Kills by friends in this place as a percentage of kills by friends in the entire game.
 D = Other kills in this place as a percentage of other kills in the entire game.
 E = Experience gained in this place as a percentage of experience gained in the entire game.
 F = Experience gained in this place divided by the number of levels of this place that you have seen.
                   A       B       C       D       E      F
               +-------+-------+-------+-------+-------+----------------------
         Total | 100.0 | 100.0 |   N/A | 100.0 | 100.0 | 261.7
       Dungeon |  84.3 |  85.4 |   N/A |   0.0 |  91.6 | 279.6
       Ossuary |  15.7 |  14.6 |   N/A | 100.0 |   8.4 | 309.0
               +-------+-------+-------+-------+-------+----------------------

Vault maps used:
D:1:      zelgadis_glass_arrival_small
D:2:      lemuel_coloured_pillars_altar, minivault_14, st_stairs_8,
          minmay_misc_feat_encased, minmay_tiny_reverse_x
D:3:      first_ration, uniq_ijyb
D:4:      uniq_grinder, uniq_crazy_yiuf_cottage
D:5:      temple_doors_ab
D:6:      enter_ossuary_5, minmay_misc_feat_rows, tgw_sif, uniq_eustachio
D:8:      the_bakery
D:9:      serial_curves, eino_curves_01, eino_curves_03
D:10:     erik_lair_dragon, zombieorc2_lemuel
D:11:     serial_shops, nicolae_shop_behind_doors
Temple:   minmay_crystal_snake_temple
Ossuary:  ossuary_kennysheep_city_of_the_dead
